 Dungeon Crawl Stone Soup version 0.29.0-5-ge4962eb29e (webtiles) character file.

Game seed: 464592254968287294

8368 browni3141 the Grappler (level 11, -2/105 HPs)
             Began as a Troll Cinder Acolyte on Aug 29, 2022.
             Was a Believer of Ignis.
             Slain by a yak (14 damage)
             ... on level 1 of the Lair of Beasts on Aug 30, 2022.
             The game lasted 00:12:34 (8256 turns).

browni3141 the Grappler (Troll Cinder Acolyte)      Turns: 8256, Time: 00:12:35

Health: -2/105     AC:  7    Str: 28    XL:     11   Next: 9%
Magic:  11/11      EV:  9    Int: 10    God:    Ignis [**....]
Gold:   482        SH:  0    Dex:  5    Spells: 12/12 levels left

rFire   + . .      SeeInvis .     - Unarmed
rCold   . . .      Faith    .   (no shield)
rNeg    + . .      Spirit   .   G - +0 troll leather armour
rPois   .          Reflect  .   (helmet restricted)
rElec   .          Harm     .   q - +0 cloak
rCorr   .          Rampage  .   (gloves unavailable)
Will    .....                   (boots unavailable)
Stlth   +.........              (no amulet)
HPRegen 1.87/turn               N - ring of positive energy
MPRegen 0.12/turn               (no ring)

@: lethally poisoned (-2 -> -2)
A: large, unfitting armour, claws 3, regeneration 1, shaggy fur 1, tough skin 1
a: Renounce Religion, Fiery Armour, Foxfire Swarm, Rising Flame


You were on level 1 of the Lair of Beasts.
You worshipped Ignis.
Ignis was pleased with you.
You visited 3 branches of the dungeon, and saw 11 of its levels.

You collected 572 gold pieces.
You spent 90 gold pieces at shops.


Innate Abilities, Weirdness & Mutations

You are too large for most types of armour.
You have claws for hands.
Your natural rate of healing is unusually fast.
You are covered in fur. (AC +1)
You have tough skin. (AC +1)


   Skills:
 - Level 6.0 Fighting
 + Level 9.4 Throwing
 * Level 12.5 Unarmed Combat
 - Level 1.0 Spellcasting
 - Level 2.1 Fire Magic


You had 12 spell levels left.
You didn't know any spells.
Your spell library contained the following spells:

 Spells                   Type           Power      Damage    Failure   Level
 Scorch                   Fire           8%         2d5       24%         2
 Freeze                   Ice            0%         1d3       36%         1
 Magic Dart               Conj           0%         1d3       36%         1
 Searing Ray              Conj           0%         2d4       50%         2
 Frozen Ramparts          Ice            0%         1d1       75%         3
 Gell's Gravitas          Tloc           0%         N/A       75%         3
 Lesser Beckoning         Tloc           0%         N/A       75%         3
 Teleport Other           Tloc           0%         N/A       75%         3
 Fulminant Prism          Conj/Hex       0%         3d6       98%         4
 Hailstorm                Conj/Ice       0%         3d3       98%         4
 Summon Lightning Spire   Summ/Air       0%         N/A       98%         4
 Storm Form               Tmut/Air       0%         N/A       100%        7
 Maxwell's Capacitive Co  Air            0%         ∞         100%        8

Inventory:

Missiles
 f - 3 atropa-tipped darts (quivered)
 p - 2 throwing nets
 r - 25 poisoned darts {@f3}
 s - 6 boomerangs
 K - 4 boomerangs of dispersal
Armour
 a - a +0 robe
 q - a +0 cloak (worn)
 t - a +1 animal skin
 G - a +0 troll leather armour (worn)
 I - +0 swamp dragon scales {@f3}
Jewellery
 H - an amulet of faith {!P}
 N - a ring of positive energy (left claw)
Wands
 n - a wand of quicksilver (21)
 E - a wand of flame (1)
 F - a wand of paralysis (9)
Scrolls
 c - 3 scrolls of enchant armour
 g - 2 scrolls of blinking {@r3}
 j - a scroll of brand weapon
 o - 4 scrolls of enchant weapon
 v - a scroll of fear
 x - 2 scrolls of noise {!r}
 y - 2 scrolls of vulnerability {!r}
 A - 2 scrolls of fog {@r5}
 B - 3 scrolls of teleportation {@r4}
 J - 3 scrolls of identify {@r1}
Potions
 b - a potion of attraction {unknown}
 d - a potion of might {unknown}
 e - 2 potions of ambrosia {unknown}
 h - 3 potions of magic {unknown}
 i - 4 potions of curing {@q1}
 k - 3 potions of haste {unknown}
 l - a potion of resistance {unknown}
 m - a potion of berserk rage {unknown}
 u - 2 potions of degeneration {!q}
 w - 2 potions of cancellation {unknown}
 z - 2 potions of lignification {unknown}
 C - 2 potions of mutation {unknown}
 D - a potion of heal wounds {unknown}

Dungeon Overview and Level Annotations

Branches:
Dungeon (9/15)             Temple (1/1) D:7            Lair (1/5) D:9
    Orc: D:9-12

Altars:
Ashenzari
Cheibriados
Dithmenos
Elyvilon
Fedhas
Gozag
Hepliaklqana
Kikubaaqudgha
Makhleb
Nemelex Xobeh
Okawaru
Ru
Sif Muna
Trog
Vehumet
Wu Jian
Xom
Yredelemnul
Zin
The Shining One

Annotations:
D:9 Amaemon

#......##.##
#......##.P#
#..######.##
.###..###P...#
...................#
..................##
..................#
.................#
#P....#.##.@#...#
#.F...###.#Y.[.#
#...h##...##...##
#.##...#....##....#
#..8.........##...##
#....[...#...##...#
#8.>.8#.##...##...#
......#.#######...#
.#...##.P##.###...#


You could see a yak.


Message History

You claw the cane toad! You claw the cane toad.
You kill the cane toad!
You feel very sick. The yak gores you but does no damage.
You barely miss the yak.
The yak is moderately wounded.
You feel very sick. The yak gores you!
* * * LOW HITPOINT WARNING * * *
You mangle the yak!!
You kill the yak!
You feel very sick.
You closely miss the yak. Your claw misses the yak.
The yak is moderately wounded.
You feel very sick.
You barely miss the yak.
You feel sick.
You mangle the yak!!
The yak is severely wounded.
You feel sick. The yak gores you.
* * * LOW HITPOINT WARNING * * *
You closely miss the yak.
The yak is severely wounded.
You feel sick.
You mangle the yak!!
You kill the yak!
You feel sick.
You scratch the yak but do no damage. You claw the yak!!
The yak is severely wounded.
You feel sick. The yak gores you!
You die...

Skill      XL: |  1  2  3  4  5  6  7  8  9 10 |
---------------+-------------------------------+-----
Unarmed Combat | 4 6 8 9 10 12 | 12.5
Throwing       | 2 4 8 9 |  9.4
Fighting       | 3 4 5 6 |  6.0
Spellcasting   | |  1.0
Fire Magic     | |  2.1

Action                   |  1- 3 |  4- 6 |  7- 9 | 10-12 || total
-------------------------+-------+-------+-------+-------++-------
Melee: Unarmed           |    90 |    82 |   386 |   153 ||   711
       Punch             |     1 |     3 |     5 |    12 ||    21
Throw: Dart              |     6 |     6 |    14 |     5 ||    31
       Boomerang         |       |       |       |    24 ||    24
       Throwing net      |       |       |       |     2 ||     2
Invok: Fiery Armour      |       |     1 |     3 |     1 ||     5
       Foxfire Swarm     |       |     1 |     1 |       ||     2
  Use: Scroll            |       |       |     8 |     1 ||     9
       Potion            |       |       |     1 |       ||     1
 Stab: Invisible         |     1 |       |       |     1 ||     2
Armor: Robe              |    36 |    40 |    32 |       ||   108
       Animal skin       |       |       |   125 |    12 ||   137
       Troll leather arm |       |       |       |    22 ||    22
Dodge: Dodged            |    40 |    55 |   165 |    69 ||   329

Levels and vault maps discovered:
D:1:      roderic_crop_circles_arrival_small, layout_basic,
          basic_ecumenical_altar, minmay_misc_feat_more_columns
D:2:      layout_basic, serial_curves, eino_curves_03, eino_curves_03,
          basic_altar, kennysheep_generic_room_4
D:3:      lemuel_castle_with_subvaults [lemuel_castle_interior_original],
          layout_rooms, mainiacjoe_overflow_alcove_1,
          nicolae_kite_square_tiling_tiny, grunt_decor_mini_mirrors,
          minmay_misc_feat_encased, chequers_arboretum, uniq_sigmund, uniq_robin
D:4:      layout_basic, zin_purify, kennysheep_vampire_church,
          chequers_serial_rivers_micro_e
D:5:      layout_rooms, mainiacjoe_overflow_catwalk_spiral,
          hangedman_abyss_or_decor_stabs, minmay_mini_ossuary, uniq_ijyb
D:6:      layout_basic, pdpol_wu_jian_five_deadly_venoms
D:7:      layout_basic, chequers_temple_overflow_minitemple,
          minmay_temple_entry_statues_pillars
D:8:      layout_gridville, nzn_life_drinkers
D:9:      minmay_razor_zed, layout_layer_cave, orc_0_dummy, uniq_amaemon,
          uniq_maggie
Temple:   bh_familiar_temple
Lair:1:   layout_regular_city, lemuel_fruit_tree, grunt_megastairs_2

Notes
Turn   | Place    | Note
-------+----------+-------------------------------------------
     0 | D:1      | browni3141 the Troll Cinder Acolyte began the quest for the
                  | Orb.
     0 | D:1      | Reached XP level 1. HP: 22/22 MP: 1/1
    97 | D:1      | Found a faded altar of an unknown god.
   161 | D:1      | Reached XP level 2. HP: 22/29 MP: 2/2
   862 | D:2      | Reached skill level 4 in Unarmed Combat
   931 | D:2      | Reached XP level 3. HP: 36/36 MP: 3/3
  1227 | D:2      | Found a sacrificial altar of Ru.
  1455 | D:2      | Reached XP level 4. HP: 44/44 MP: 4/4
  1465 | D:2      | Reached skill level 5 in Unarmed Combat
  1703 | D:3      | Found a glowing golden altar of the Shining One.
  1729 | D:3      | Noticed Sigmund
  1737 | D:3      | Killed Sigmund
  1738 | D:3      | Reached skill level 6 in Unarmed Combat
  1738 | D:3      | Reached XP level 5. HP: 28/50 MP: 5/5
  1810 | D:3      | Reached XP level 6. HP: 59/59 MP: 6/6
  1859 | D:3      | Reached skill level 7 in Unarmed Combat
  2015 | D:3      | Reached skill level 8 in Unarmed Combat
  2070 | D:3      | Reached XP level 7. HP: 40/66 MP: 7/7
  2895 | D:3      | Noticed Robin
  2913 | D:3      | Killed Robin
  3214 | D:4      | Reached skill level 1 in Throwing
  3294 | D:4      | Reached skill level 3 in Fighting
  3331 | D:4      | Found Zin's Purification Station.
  3342 | D:4      | Found a glowing silver altar of Zin.
  3345 | D:4      | Bought a potion of curing for 90 gold pieces
  3421 | D:4      | Reached skill level 9 in Unarmed Combat
  3527 | D:4      | Reached skill level 2 in Throwing
  3527 | D:4      | Reached XP level 8. HP: 67/75 MP: 8/8
  3668 | D:4      | Found an ancient bone altar of Kikubaaqudgha.
  3782 | D:5      | Entered Level 5 of the Dungeon
  3934 | D:5      | Reached skill level 3 in Throwing
  4044 | D:5      | Noticed Ijyb
  4056 | D:5      | Killed Ijyb
  4057 | D:5      | Reached skill level 4 in Fighting
  4185 | D:5      | Found a hazy altar of Hepliaklqana.
  4189 | D:5      | Found an opulent altar of Gozag.
  4435 | D:6      | Noticed a manticore
  4442 | D:6      | Killed a manticore
  4443 | D:6      | Reached skill level 4 in Throwing
  4514 | D:6      | Found an ornate altar of the Wu Jian Council.
  4726 | D:6      | Reached skill level 10 in Unarmed Combat
  4726 | D:6      | Reached XP level 9. HP: 55/87 MP: 9/9
  4851 | D:6      | Reached skill level 5 in Fighting
  5047 | D:6      | Reached skill level 5 in Throwing
  5253 | D:7      | Reached skill level 6 in Throwing
  5498 | D:7      | Reached skill level 7 in Throwing
  5573 | D:7      | Found a staircase to the Ecumenical Temple.
  5619 | Temple   | Entered the Ecumenical Temple
  6222 | D:7      | Found a radiant altar of Vehumet.
  6222 | D:7      | Found a sparkling altar of Nemelex Xobeh.
  6230 | D:7      | Found a faded altar of an unknown god.
  6232 | D:7      | Found a shimmering blue altar of Sif Muna.
  6234 | D:7      | Found a faded altar of an unknown god.
  6317 | D:7      | Reached skill level 8 in Throwing
  6428 | D:8      | Noticed a troll
  6677 | D:8      | Reached XP level 10. HP: 77/94 MP: 10/10
  7430 | D:9      | Found a staircase to the Lair.
  7609 | D:9      | Reached skill level 11 in Unarmed Combat
  7640 | D:9      | Noticed a boulder beetle
  7708 | D:9      | Killed a boulder beetle
  7709 | D:9      | Reached skill level 6 in Fighting
  7722 | D:9      | Noticed Maggie
  7731 | D:9      | Killed Maggie
  7755 | D:9      | Reached skill level 9 in Throwing
  8019 | D:9      | Reached skill level 12 in Unarmed Combat
  8071 | D:9      | Noticed Amaemon
  8071 | D:9      | Noticed an orange demon
  8104 | Lair:1   | Entered Level 1 of the Lair of Beasts
  8140 | Lair:1   | Noticed a cane toad
  8166 | Lair:1   | Killed a cane toad
  8179 | Lair:1   | Reached XP level 11. HP: 42/105 MP: 11/11
  8256 | Lair:1   | Slain by a yak

Vanquished Creatures
  A boulder beetle (D:9)
  A manticore (D:6)
  2 cane toads (Lair:1)
  Maggie (D:9)
  A hornet (D:7)
  3 trolls
  Sigmund (D:3)
  A vampire (D:8)
  4 yaks
  A wyvern (D:9)
  2 steam dragons
  3 water moccasins
  An orc warrior (D:6)
  3 ice beasts
  A sky beast (D:8)
  An ogre (D:7)
  3 black bears
  3 centaurs
  4 wolves (Lair:1)
  4 kobold brigands
  3 bullfrogs
  3 scorpions
  A necrophage (D:7)
  A gnoll sergeant (D:9)
  9 wights
  3 howler monkeys
  A vampire bat (D:4)
  A jelly (D:4)
  9 hounds
  A gnoll bouda (D:3)
  2 orc priests
  3 iguanas
  12 orc wizards
  Ijyb (D:5)
  A mummy (D:5)
  Robin (D:3)
  5 adders
  23 gnolls
  3 white imps
  An ufetubus (D:7)
  A worm (D:2)
  A dart slug (D:3)
  38 orcs
  4 ball pythons
  2 bat skeletons (D:4)
  3 bat zombies (D:4)
  9 endoplasms
  3 giant cockroaches (D:2)
  18 goblins
  13 hobgoblins
  14 jackals (D:3)
  6 quokkas
  6 bats
  2 frilled lizards (D:2)
  2 hobgoblin zombies (D:5)
  22 kobolds
  2 kobold zombies (D:5)
  5 rats
276 creatures vanquished.

Vanquished Creatures (others)
  38 foxfires
  2 plants
40 creatures vanquished.

Grand Total: 316 creatures vanquished

Table legend: (Time is in decaauts)
 A = Elapsed time spent in this place.
 B = Non-inter-level travel time spent in this place.
 C = Inter-level travel time spent in this place.
 D = Time resting spent in this place.
 E = Time spent auto-exploring this place.
 F = Levels seen in this place.
 G = Mean time per level.
                   A        B        C        D        E       F      G
               +--------+--------+--------+--------+--------+-----+--------+
         Total |   8148 |   7774 |    374 |    218 |   5828 |  11 |  740.7 |
       Dungeon |   7825 |   7465 |    360 |    218 |   5595 |   9 |  869.4 |
        Temple |    183 |    169 |     14 |      0 |    162 |   1 |  183.0 |
          Lair |    139 |    139 |      0 |      0 |     71 |   1 |  139.0 |
               +--------+--------+--------+--------+--------+-----+--------+

Top non-repeatable levels by time:
     D:3: 1295 daAuts
     D:6: 1007 daAuts
     D:8: 924 daAuts
     D:7: 889 daAuts
     D:1: 856 daAuts
     D:2: 833 daAuts
     D:4: 771 daAuts
     D:9: 685 daAuts
     D:5: 560 daAuts
  Temple: 183 daAuts
  Lair:1: 139 daAuts

Table legend:
 A = Non-vault XP
 B = Vault XP
 C = Vault XP percentage of total XP
 D = Non-vault monster count
 E = Vault monster count
 F = Vault count percentage of total count
                 A         B        C        D         E       F
            +---------+---------+-------+---------+---------+-------
      Total |    8536 |    3419 |  28.6 |     183 |      93 |  33.7
            +---------+---------+-------+---------+---------+-------
        D:1 |      27 |       0 |   0.0 |      17 |       0 |   0.0
        D:2 |      85 |       5 |   5.6 |      24 |       1 |   4.0
        D:3 |      49 |     902 |  94.8 |      25 |      67 |  72.8
        D:4 |     618 |      65 |   9.5 |      27 |       6 |  18.2
        D:5 |     188 |      55 |  22.6 |       3 |       6 |  66.7
        D:6 |    1605 |       0 |   0.0 |      20 |       0 |   0.0
        D:7 |    1491 |       0 |   0.0 |      28 |       0 |   0.0
        D:8 |    1430 |     217 |  13.2 |      20 |       1 |   4.8
        D:9 |    1628 |    1616 |  49.8 |      12 |       9 |  42.9
     Lair:1 |    1415 |     559 |  28.3 |       7 |       3 |  30.0
            +---------+---------+-------+---------+---------+-------
